 Dungeon Crawl Stone Soup version 0.22.1-2-g9c5b331 (webtiles) character file.

4250 Texfone the Grappler (level 10, -4/94 HPs)
             Began as a Troll Berserker on Nov 30, 2018.
             Was a Priest of Trog.
             Slain by a five-headed hydra (12 damage)
             ... while paralysed
             ... on level 1 of the Lair of Beasts.
             The game lasted 01:06:33 (4275 turns).

Texfone the Grappler (Troll Berserker)              Turns: 4275, Time: 01:06:34

Health: -4/94      AC:  6    Str: 30    XL:     10   Next: 9%
Magic:  9/9        EV:  1    Int:  3    God:    Trog [***...]
Gold:   311        SH:  0    Dex:  9    Spells: 9/9 levels left

rFire    . . .     SeeInvis .     - Unarmed
rCold    . . .     Gourm    +   (no shield)
rNeg     . . .     Faith    .   c - +1 robe
rPois    .         Spirit   .   (helmet restricted)
rElec    .         Reflect  .   (no cloak)
rCorr    .         Harm     .   (gloves unavailable)
MR       +....     Rnd*Tele +   (boots unavailable)
Stlth    ++........             n - amulet of the gourmand
HPRegen  0.65/turn              m - ring of teleportation
MPRegen  0.11/turn              (no ring)

@: paralysed, berserk cooldown, slowed
A: large, unfitting armour, claws 3, blurry vision 1, fast metabolism 3,
gourmand, magic resistance 1, regeneration 1, shaggy fur 1, tough skin 2
a: Berserk, Trog's Hand, Renounce Religion


You were on level 1 of the Lair of Beasts.
You worshipped Trog.
Trog was most pleased with you.
You were not hungry.

You visited 2 branches of the dungeon, and saw 9 of its levels.

You collected 311 gold pieces.

Inventory:

Hand Weapons
 h - a cursed -3 dagger
 t - a +2 flail of holy wrath
Missiles
 d - 64 stones (quivered)
 e - 5 curare-tipped needles
 z - 4 large rocks
Armour
 a - a +0 animal skin
 c - a +1 robe (worn)
 f - a +0 ring mail
 g - a +0 ring mail
 i - a +0 scale mail
 o - a +0 chain mail
 u - a +1 leather armour of magic resistance
 y - a cursed +0 ring mail
 B - the +8 orange crystal plate armour {Archmagi, Int+3 Clar}
   (You found it on level 1 of the Lair of Beasts)

   It affects your intelligence (+3).
   It protects you against confusion.
Jewellery
 m - a ring of teleportation (left claw)
 n - an amulet of the gourmand (around neck)
Wands
 v - a wand of digging (8)
 A - a wand of random effects (11)
Scrolls
 j - 2 scrolls of amnesia
 k - 9 scrolls of identify
 l - a scroll of remove curse
 s - a scroll of teleportation
Potions
 p - a potion of lignification
 q - 4 potions of heal wounds
 r - a potion of haste
 w - 3 potions of flight
 x - 3 potions of curing
Comestibles
 b - 10 rations


   Skills:
 + Level 4.7 Fighting
 + Level 5.8 Dodging
 + Level 2.3 Stealth
 + Level 11.7 Unarmed Combat


You had 9 spell levels left.
You didn't know any spells.
Your spell library was empty.

Dungeon Overview and Level Annotations

Branches:
Dungeon (8/15)             Temple (0/1) D:7            Lair (1/6) D:8

Altars:
Elyvilon
Nemelex Xobeh
The Shining One

Portals:
Labyrinth: Lair:1

Annotations:
Lair:1 exclusion: 2 oklob plants


Innate Abilities, Weirdness & Mutations

You are too large for most types of armour.
You have claws for hands.
Your metabolism is lightning-fast.
You like to eat raw meat.
Your natural rate of healing is unusually fast.
You are covered in fur. (AC +1)
You have very tough skin. (AC +2)
Scrolls take you a little longer to read.
You are resistant to hostile enchantments. (MR+)


Message History

The five-headed hydra bites you.
* * * LOW HITPOINT WARNING * * *
You are too berserk!
The bullfrog misses you.
You mangle the bullfrog!!
The bullfrog is almost dead.
The bullfrog closely misses you. The bullfrog closely misses you.
You feel a strong urge to attack something.
You claw the bullfrog!
You feel the power of Trog in you as your rage grows.
You kill the bullfrog!
Trog accepts your kill.
You are no longer berserk.
You pass out from exhaustion.
You feel yourself slow down.
The five-headed hydra completely misses you.
The five-headed hydra bites you but does no damage. x3
The five-headed hydra bites you!
You die...

### ####### #..
.....# #.#
#...###.###
###...##.#.#####
##..#...........#
#.†...D@...# #..#
#...#.###P..####.#
# #.....##
##...##..##.##..
#.......
#.............#
........
##.####.#P#####
........ ....
#.###### ....?...
###....#......##
.#......
#.#.#........#
#....P.##....#


You could see a five-headed hydra.

Vanquished Creatures
  Harold (D:7)
  A hydra (Lair:1)
  6 yaks (Lair:1)
  2 water moccasins (Lair:1)
  An ice beast (D:4)
  2 phantoms
  An ogre (D:6)
  A crocodile (Lair:1)
  4 bullfrogs
  A scorpion (D:4)
  6 killer bees (D:7)
  4 howler monkeys
  3 wights (D:8)
  2 crimson imps
  2 orc priests
  2 orc wizards (D:7)
  A bullfrog skeleton (D:6)
  A centaur skeleton (D:8)
  3 iguanas
  3 worker ants
  2 howler monkey skeletons
  4 adders
  A shadow imp (D:7)
  An ooze (D:7)
  A worm (D:3)
  A dart slug (D:1)
  6 leopard geckos
  13 orcs
  3 giant cockroaches
  2 goblins
  4 hobgoblins
  12 jackals
  2 quokkas (D:7)
  4 bats
  A frilled lizard (D:1)
  4 kobolds
  5 rats
  2 bushes (D:4)
  2 fungi (D:1)
  4 plants
121 creatures vanquished.

Vanquished Creatures (others)
  2 fungi (Lair:1)
  3 plants (Lair:1)
5 creatures vanquished.

Grand Total: 126 creatures vanquished

Notes
Turn   | Place    | Note
-------+----------+-------------------------------------------
     0 | D:1      | Texfone the Troll Berserker began the quest for the Orb.
     0 | D:1      | Reached XP level 1. HP: 22/22 MP: 0/0
   267 | D:1      | Reached XP level 2. HP: 29/29 MP: 1/1
   347 | D:1      | Gained mutation: Scrolls take you a little longer to read.
                  | [potion of mutation]
   347 | D:1      | Gained mutation: You are resistant to hostile enchantments.
                  | (MR+) [potion of mutation]
   643 | D:3      | Found a white marble altar of Elyvilon.
   669 | D:3      | Reached XP level 3. HP: 36/36 MP: 2/2
   901 | D:3      | Reached skill level 4 in Unarmed Combat
   902 | D:3      | Reached ** piety under Trog
   936 | D:3      | Reached XP level 4. HP: 43/44 MP: 3/3
  1314 | D:4      | Reached XP level 5. HP: 48/52 MP: 4/4
  1608 | D:4      | Noticed an ice beast
  1616 | D:4      | Killed an ice beast
  1616 | D:4      | Reached skill level 5 in Unarmed Combat
  1704 | D:4      | Reached XP level 6. HP: 38/61 MP: 5/5
  1752 | D:5      | Entered Level 5 of the Dungeon
  1762 | D:5      | Found a sparkling altar of Nemelex Xobeh.
  1817 | D:6      | Reached skill level 6 in Unarmed Combat
  1847 | D:6      | Found a glowing golden altar of the Shining One.
  1943 | D:6      | Reached XP level 7. HP: 58/67 MP: 6/6
  2180 | D:7      | Found a staircase to the Ecumenical Temple.
  2188 | D:7      | Reached skill level 1 in Stealth
  2193 | D:7      | Reached skill level 7 in Unarmed Combat
  2240 | D:7      | Noticed Harold
  2254 | D:7      | Killed Harold
  2254 | D:7      | Reached skill level 9 in Unarmed Combat
  2254 | D:7      | Reached XP level 8. HP: 12/78 MP: 7/7
  2658 | D:7      | Reached XP level 9. HP: 84/84 MP: 8/8
  3502 | D:8      | Found a staircase to the Lair.
  3572 | D:8      | Reached skill level 10 in Unarmed Combat
  3683 | D:8      | Reached *** piety under Trog
  3691 | D:8      | Reached skill level 5 in Dodging
  3898 | Lair:1   | Entered Level 1 of the Lair of Beasts
  3921 | Lair:1   | Noticed a five-headed hydra
  3922 | Lair:1   | Noticed a five-headed hydra
  3922 | Lair:1   | Noticed a komodo dragon
  3929 | Lair:1   | Noticed an oklob plant
  3929 | Lair:1   | Noticed an oklob plant
  3974 | Lair:1   | Found a labyrinth entrance.
  4119 | Lair:1   | Found the +8 orange crystal plate armour {Archmagi, Int+3
                  | Clar}
  4170 | Lair:1   | Killed a five-headed hydra
  4170 | Lair:1   | Reached skill level 11 in Unarmed Combat
  4258 | Lair:1   | Reached XP level 10. HP: 94/94 MP: 9/9
  4267 | Lair:1   | HP: 6/141 [five-headed hydra (3)]
  4275 | Lair:1   | Slain by a five-headed hydra

Skill      XL: |  1  2  3  4  5  6  7  8  9 |
---------------+----------------------------+-----
Dodging        | 3 4 5 |  5.8
Unarmed Combat | 4 5 6 9 11 | 11.7
Fighting       | 3 4 |  4.7
Stealth        | 1 2 |  2.3

Action                   |  1- 3 |  4- 6 |  7- 9 | 10-12 || total
-------------------------+-------+-------+-------+-------++-------
Melee: Unarmed           |   128 |   147 |   158 |    11 ||   444
       Punch             |       |     8 |     3 |     2 ||    13
Invok: Berserk           |     2 |     1 |     4 |       ||     7
       Trog's Hand       |       |       |     1 |       ||     1
  Use: Potion            |     5 |     4 |     1 |       ||    10
       Scroll            |     5 |       |     3 |       ||     8
  Eat: Chunk             |    16 |     6 |    14 |       ||    36
       Ration            |       |     1 |     2 |       ||     3
Armor: Robe              |    48 |    14 |    28 |     4 ||    94
       Skin              |       |       |     8 |       ||     8
Dodge: Dodged            |    68 |    26 |    71 |    12 ||   177
